 Dungeon Crawl Stone Soup version 0.29.1-1-gd02db6906a (webtiles) character file.

Game seed: 10603742032886461329

35 AlexRAT the Chopper (level 3, 0/49 HPs)
             Began as a Minotaur Berserker on Oct 12, 2022.
             Was a Follower of Trog.
             Slain by Natasha (7 damage)
             ... on level 2 of the Dungeon.
             The game lasted 00:01:30 (968 turns).

AlexRAT the Chopper (Minotaur Berserker)             Turns: 968, Time: 00:01:31

Health: 0/49       AC:  3    Str: 23    XL:     3   Next: 17%
Magic:  2/2        EV: 12    Int:  4    God:    Trog [*.....]
Gold:   61         SH:  0    Dex:  9    Spells: 2/2 levels left

rFire   . . .      SeeInvis .   h - +1 hand axe (vorpal)
rCold   . . .      Faith    .   (no shield)
rNeg    . . .      Spirit   .   b - +0 animal skin
rPois   .          Reflect  .   (helmet restricted)
rElec   .          Harm     .   f - +0 cloak
rCorr   .          Rampage  .   (no gloves)
Will    .....                   (no boots)
Stlth   ..........              (no amulet)
HPRegen 0.16/turn               (no ring)
MPRegen 0.08/turn               (no ring)

@: berserking, very quick
A: horns 2, retaliatory headbutt
a: Renounce Religion, Berserk


You were on level 2 of the Dungeon.
You worshipped Trog.
Trog was aware of your devotion.
You visited 1 branch of the dungeon, and saw 2 of its levels.

You collected 61 gold pieces.

Inventory:

Hand Weapons
 a - a +0 hand axe
 h - a +1 vorpal hand axe (weapon)
Armour
 b - a +0 animal skin (worn)
 f - a +0 cloak (worn)
Wands
 i - a wand of paralysis (12)
Scrolls
 d - a scroll of teleportation {unknown}
 j - a scroll of identify {unknown}
Potions
 c - a potion of cancellation {unknown}
 e - 2 potions of brilliance {unknown}
 g - a potion of haste {unknown}


   Skills:
 + Level 4.1 Fighting
 + Level 4.1 Axes
 + Level 3.0 Armour
 + Level 2.7 Dodging


You had 2 spell levels left.
You didn't know any spells.
Your spell library was empty.

Dungeon Overview and Level Annotations

Branches:
Dungeon (2/15)

Altars:

Annotations:
D:2 Natasha


Innate Abilities, Weirdness & Mutations

You have a pair of horns on your head.
You reflexively headbutt those who attack you in melee.


Message History

Found a pink potion.
Found a stone staircase leading down.
Natasha, Servant of Life and Death comes into view.
Found 9 stones.
Natasha hisses angrily.
The endoplasm quivers.
Found 13 gold pieces.
Natasha wildly gestures.
You feel disoriented.
You hit the endoplasm. Your headbutt misses the endoplasm.
The endoplasm is severely wounded.
The endoplasm barely misses you.
You slash the endoplasm!
You kill the endoplasm!
Trog accepts your kill.
Natasha growls.
Natasha claws you!
You barely miss Natasha. Natasha claws you!
You barely miss Natasha. Your headbutt misses Natasha. Natasha claws you!
You are too injured to fight recklessly!
You are too injured to fight recklessly!
You are too injured to fight recklessly!
You are too injured to fight recklessly!
You are too injured to fight recklessly!
Natasha is nearby!
You hit Natasha.
Natasha is heavily wounded.
Natasha mumbles some strange words.
You closely miss Natasha.
Natasha is moderately wounded.
Natasha stares at you and mumbles some strange words.
You resist with significant effort.
A red film seems to cover your vision as you go berserk!
You feel yourself moving faster!
You feel mighty! Natasha closely misses you. The white imp gestures at you.
The puff of frost hits you!
* * * LOW HITPOINT WARNING * * *
You barely miss Natasha.
Natasha is moderately wounded.
You hit the white imp. Natasha claws you!
You die...

.......$..
#.(......#
##!...>...##
#........... ##
#..........# .
#.......[..# ###
#. #..5h......#
..# .
#...@......# [.#
#.##........##
##..#
#.##.......##
....
#....####### #(.
###.############
#.
##...##.........
#.###.
#.......########
#.#...
#..#####.#
##...## #...#
#.### #..##


You could see Natasha and a white imp (summoned).

Vanquished Creatures
  An adder (D:2)
  A worm (D:2)
  A bat (D:1)
  2 endoplasms
  A giant cockroach (D:2)
  3 goblins
  3 hobgoblins
  3 jackals (D:1)
  A quokka (D:1)
  A ball python (D:1)
  A frilled lizard (D:1)
  A kobold (D:1)
  A rat (D:2)
20 creatures vanquished.

Notes
Turn   | Place    | Note
-------+----------+-------------------------------------------
     0 | D:1      | AlexRAT the Minotaur Berserker began the quest for the Orb.
     0 | D:1      | Reached XP level 1. HP: 19/19 MP: 0/0
   221 | D:1      | Found a faded altar of an unknown god.
   279 | D:1      | Reached XP level 2. HP: 27/27 MP: 1/1
   886 | D:2      | Reached XP level 3. HP: 28/33 MP: 2/2
   959 | D:2      | Noticed Natasha
   968 | D:2      | Slain by Natasha

Illustrated notes

Levels and vault maps discovered:
D:1:      doesnt_arrival_eight_statues, layout_basic, basic_ecumenical_altar
D:2:      layout_rooms, minmay_tromino_mix6, uniq_natasha

Skill      XL: |  1  2 |
---------------+-------+-----
Fighting       | 4 |  4.1
Axes           | 4 |  4.1
Armour         | 3 |  3.0
Dodging        | |  2.7

Action                   || total
-------------------------++-------
Melee: Hand axe          ||    50
       Headbutt          ||     4
Invok: Berserk           ||     1
 Stab: Sleeping          ||     1
Armor: Animal skin       ||     9
Dodge: Dodged            ||    40
